 Dungeon Crawl Stone Soup version 0.27-a0-1149-g4505690ab0 (webtiles) character file.

Game seed: 16689939940213226675

234 leviel the Skirmisher (level 5, -6/37 (47) HPs)
             Began as a Minotaur Fighter on May 14, 2021.
             Mangled by a wight
             ... wielding a +1 battleaxe of electrocution
              (9 damage)
             ... on level 4 of the Dungeon.
             The game lasted 00:03:33 (3103 turns).

leviel the Skirmisher (Minotaur Fighter)            Turns: 3103, Time: 00:03:35

HP:   -6/37 (47)    AC:  8    Str: 22    XL:     5   Next: 75%
MP:   4/4           EV:  7    Int:  5    God:
Gold: 57            SH:  9    Dex:  9    Spells: 4/4 levels left

rFire    . . .     SeeInvis .   a - +0 war axe
rCold    . . .     Faith    .   c - +0 kite shield
rNeg     . . .     Spirit   .   b - +0 scale mail
rPois    .         Reflect  .   (helmet restricted)
rElec    .         Harm     .   (no cloak)
rCorr    .         Rampage  .   (no gloves)
Will     .....                  j - +0 pair of boots
Stlth    ..........             (no amulet)
HPRegen  0.12/turn              (no ring)
MPRegen  0.09/turn              (no ring)

@: heavily drained
A: horns 2, retaliatory headbutt
a: no special abilities


You were on level 4 of the Dungeon.
You visited 1 branch of the dungeon, and saw 4 of its levels.

You collected 57 gold pieces.

Inventory:

Hand Weapons
 a - a +0 war axe (weapon)
Armour
 b - a +0 scale mail (worn)
 c - a +0 kite shield (worn)
 j - a +0 pair of boots (worn)
Jewellery
 g - a ring of fire
Scrolls
 f - a scroll of vulnerability {unknown}
 h - a scroll of immolation {unknown}
 i - 2 scrolls of noise {unknown}
 n - a scroll of amnesia {unknown}
 o - 2 scrolls of identify {unknown}
 p - a scroll of enchant weapon {unknown}
 q - a scroll of teleportation {unknown}
Potions
 d - 2 potions of might
 e - a potion of haste {unknown}
 k - a potion of lignification {unknown}
 l - a potion of resistance {unknown}
 m - a potion of attraction {unknown}


   Skills:
 + Level 4.8 Fighting
 * Level 4.8 Axes
 + Level 4.8 Armour
 + Level 4.8 Shields


You had 4 spell levels left.
You didn't know any spells.
Your spell library contained the following spells:

 Spells                   Type           Power      Damage    Failure   Level
 Foxfire                  Conj/Fire      0%         2x1d4     99%         1
 Magic Dart               Conj           0%         1d3       99%         1
 Summon Small Mammal      Summ           0%         N/A       99%         1
 Call Imp                 Summ           0%         N/A       100%        2
 Searing Ray              Conj           0%         3d3       100%        2
 Call Canine Familiar     Summ           0%         N/A       100%        3
 Conjure Flame            Conj/Fire      0%         6-21      100%        3
 Dazzling Flash           Conj/Hex       0%         N/A       100%        3
 Inner Flame              Hex/Fire       0%         N/A       100%        3
 Summon Guardian Golem    Hex/Summ       0%         N/A       100%        3
 Fulminant Prism          Conj/Hex       0%         3d6       100%        4
 Iskenderun's Mystic Bla  Conj/Tloc      0%         2d3       100%        4
 Sticky Flame             Conj/Fire      0%         2d3       100%        4
 Summon Ice Beast         Ice/Summ       0%         N/A       100%        4
 Summon Lightning Spire   Summ/Air       0%         N/A       100%        4
 Fireball                 Conj/Fire      0%         3d3       100%        5


Dungeon Overview and Level Annotations

Branches:
Dungeon (4/15)
 Temple: D:4-7

Altars:
Dithmenos


Innate Abilities, Weirdness & Mutations

You have a pair of horns on your head.
You reflexively headbutt those who attack you in melee.


Message History

You closely miss the wight. You headbutt the wight.
The wight is lightly damaged.
The wight hits you with a +4 hand axe. x2
You closely miss the wight.
You headbutt the wight, but do no damage.
The wight is lightly damaged.
You block the wight's attack.
You completely miss the wight. You headbutt the wight.
The wight is lightly damaged.
The wight hits you with a +4 hand axe.
You feel drained. You block the wight's attack.
You slash the wight!
The wight is almost destroyed.
The wight hits you with a +4 hand axe.
You feel drained.
You are too injured to fight recklessly!
You are too injured to fight recklessly!
You are too injured to fight recklessly!
You are too injured to fight recklessly!
You are too injured to fight recklessly!
You are too injured to fight recklessly!
You are too injured to fight recklessly!
You are too injured to fight recklessly!
You are too injured to fight recklessly!
You are too injured to fight recklessly!
You are too injured to fight recklessly!
You are too injured to fight recklessly!
You are too injured to fight recklessly!
You are too injured to fight recklessly!
You are too injured to fight recklessly!
You are too injured to fight recklessly!
You are too injured to fight recklessly!
You are too injured to fight recklessly!
You hit the wight.
You destroy the wight!
The wight hits you with a +1 battleaxe of electrocution!
* * * LOW HITPOINT WARNING * * *
You feel drained.
* * * LOW HITPOINT WARNING * * *
You are electrocuted!
You die...

... ...
..# #.#
#z# ###
#.# #<#
#z# #.#
#@#####.#
#...)...#
#########


You could see 2 wights.

Vanquished Creatures
  A scorpion (D:3)
  2 wights (D:4)
  A killer bee zombie (D:2)
  4 gnolls
  An adder (D:3)
  A worm (D:3)
  2 dart slugs (D:3)
  2 orcs (D:3)
  4 ball pythons
  2 endoplasms
  4 giant cockroaches
  5 goblins
  8 hobgoblins
  5 jackals (D:1)
  4 quokkas
  4 bats (D:2)
  2 frilled lizards
  4 kobolds
56 creatures vanquished.

Notes
Turn   | Place    | Note
-------+----------+-------------------------------------------
     0 | D:1      | leviel the Minotaur Fighter began the quest for the Orb.
     0 | D:1      | Reached XP level 1. HP: 19/19 MP: 0/0
    22 | D:1      | Reached XP level 2. HP: 23/27 MP: 1/1
   417 | D:1      | Reached XP level 3. HP: 33/33 MP: 2/2
   525 | D:1      | Found a faded altar of an unknown god.
   991 | D:2      | Reached XP level 4. HP: 40/40 MP: 3/3
  1869 | D:3      | Noticed a scorpion
  1875 | D:3      | Killed a scorpion
  1876 | D:3      | Reached XP level 5. HP: 24/47 MP: 4/4
  2295 | D:3      | Found a shadowy altar of Dithmenos.
  3103 | D:4      | Mangled by a wight

Illustrated notes

Levels and vault maps discovered:
D:1:      lemuel_arrival_rhombus, layout_loops_ring,
          shapermc_ecumenical_altar_starsandcircs
D:2:      layout_basic
D:3:      layout_loops_cross, lemuel_coloured_pillars_altar,
          kennysheep_decorative_pillar, serial_bayou_crossing
D:4:      layout_basic, minitemple

Skill      XL: |  1  2  3  4 |
---------------+-------------+-----
Fighting       | 4 |  4.8
Armour         | 4 |  4.8
Shields        | 4 |  4.8
Axes           | 3 4 |  4.8

Action                   |  1- 3 |  4- 6 || total
-------------------------+-------+-------++-------
Melee: War axe           |    55 |    78 ||   133
       Headbutt          |     4 |    18 ||    22
Armor: Scale mail        |    34 |    29 ||    63
Dodge: Dodged            |    19 |    18 ||    37
Block: Kite shield       |    26 |    37 ||    63

Table legend: (Time is in decaauts)
 A = Elapsed time spent in this place.
 B = Non-inter-level travel time spent in this place.
 C = Inter-level travel time spent in this place.
 D = Time resting spent in this place.
 E = Time spent auto-exploring this place.
 F = Levels seen in this place.
 G = Mean time per level.
                   A        B        C        D        E       F      G
               +--------+--------+--------+--------+--------+-----+--------+
         Total |   3187 |   3129 |     58 |    756 |   2010 |   4 |  796.8 |
       Dungeon |   3187 |   3129 |     58 |    756 |   2010 |   4 |  796.8 |
               +--------+--------+--------+--------+--------+-----+--------+

Top non-repeatable levels by time:
     D:3: 1086 daAuts
     D:2: 1071 daAuts
     D:1: 827 daAuts
     D:4: 202 daAuts
